 Dungeon Crawl Stone Soup version 0.27-a0-1065-ge809cff456 (console) character file.

Game seed: 6701699519692299179

419 nht the Conjurer (level 6, -2/45 HPs)
             Began as a Demonspawn Fire Elementalist on Apr 23, 2021.
             Slain by Iwannabefree's ghost (5 damage)
             ... on level 4 of the Dungeon.
             The game lasted 00:10:28 (4903 turns).

nht the Conjurer (Demonspawn Fire Elementalist)     Turns: 4903, Time: 00:10:30

Health: -2/45      AC:  4    Str:  8    XL:     6   Next: 62%
Magic:  2/9        EV: 12    Int: 20    God:
Gold:   186        SH:  0    Dex: 16    Spells: 0/9 levels left

rFire    . . .     SeeInvis .   o - +3 whip (flame)
rCold    . . .     Faith    .   (no shield)
rNeg     . . .     Spirit   .   a - +0 robe
rPois    .         Reflect  .   (no helmet)
rElec    .         Harm     .   (no cloak)
rCorr    .         Rampage  .   (no gloves)
Will     .....                  (no boots)
Stlth    ++........             (no amulet)
HPRegen  0.15/turn              (no ring)
MPRegen  0.11/turn              (no ring)

@: no status effects
A: slimy green scales 1, demonic magic 2, agile 1, clever 1, robust 1
a: no special abilities


You were on level 4 of the Dungeon.
You visited 1 branch of the dungeon, and saw 5 of its levels.

You collected 255 gold pieces.
You spent 69 gold pieces at shops.

Inventory:

Hand Weapons
 o - a +3 whip of flaming (weapon)
Missiles
 f - a throwing net
Armour
 a - a +0 robe (worn)
 e - +1 shadow dragon scales
Magical Staves
 m - a staff of death
 p - a staff of earth
Jewellery
 c - a ring of poison resistance
Scrolls
 i - a scroll of teleportation {unknown}
 k - a scroll of enchant weapon {unknown}
 n - a scroll of blinking {unknown}
Potions
 b - 3 potions of brilliance
 d - a potion of ambrosia
 j - a potion of curing
 l - a potion of mutation


   Skills:
 - Level 1.7 Dodging
 - Level 1.7 Stealth
 - Level 2.0 Spellcasting
 + Level 5.1 Conjurations
 + Level 5.0 Fire Magic


You couldn't memorise any spells.
You knew the following spells:

 Your Spells              Type           Power      Damage    Failure   Level
a - Foxfire               Conj/Fire      88%        2x1d8     1%          1
b - Conjure Flame         Conj/Fire      22%        6-21      6%          3
c - Fireball              Conj/Fire      11%        3d7       50%         5

Your spell library contained the following spells:

 Spells                   Type           Power      Damage    Failure   Level
 Corona                   Hex            2%         N/A       16%         1
 Inner Flame              Hex/Fire       12%        N/A       17%         3
 Sticky Flame             Conj/Fire      22%        2d4       21%         4
 Slow                     Hex            2%         N/A       24%         2
 Portal Projectile        Hex/Tloc       4%         N/A       43%         3
 Cause Fear               Hex            1%         N/A       83%         4
 Leda's Liquefaction      Hex/Erth       1%         N/A       83%         4


Dungeon Overview and Level Annotations

Branches:
Dungeon (5/15)
 Temple: D:4-7

Altars:
Uskayaw
Xom
Zin

Shops:
D:2 *[

Annotations:
D:4 Iwannabefree's ghost, novice DjFi


Innate Abilities, Weirdness & Mutations

You are partially covered in slimy green scales. (AC +2)
Spells you cast may paralyse nearby enemies.
You are agile. (Dex +2)
Your mind is acute. (Int +2)
You are robust. (+10% HP)


Message History

You hit the adder. You burn the adder.
The adder is severely wounded.
The helpless adder fails to defend itself.
You whack the adder! You burn the adder.
You kill the adder!
Your Fire Magic skill increases to level 5!
You conjure some foxfire!
Malevolent energies surge around you. Iwannabefree's ghost hits you!
The foxfire hits Iwannabefree's ghost.
Iwannabefree's ghost resists.
Iwannabefree's ghost is lightly damaged.
The foxfire hits Iwannabefree's ghost.
Iwannabefree's ghost completely resists.
Iwannabefree's ghost is lightly damaged.
Iwannabefree's ghost shrieks, "You must not succeed where I failed!"
You conjure some foxfire!
Malevolent energies surge around you.
Iwannabefree's ghost says, "You will join me soon!"
Iwannabefree's ghost barely misses you.
Your foxfire dissipates!
The foxfire hits Iwannabefree's ghost but does no damage.
You conjure some foxfire!
Malevolent energies surge around you. Iwannabefree's ghost hits you.
You are electrocuted!
The foxfire hits Iwannabefree's ghost.
Iwannabefree's ghost completely resists.
The foxfire hits Iwannabefree's ghost but does no damage.
Iwannabefree's ghost screams, "Don't try to defend!
You have no chance!"
Okay, then.
Okay, then.
It was a potion of mutation.
You feel extremely strange.
You feel agile.
You feel robust.
You feel clever.
Iwannabefree's ghost closely misses you.
Casting: Foxfire (safe; 1% risk of failure)
Confirm with . or Enter, or press ? or * to list all spells.
The fire begins to smolder!
Malevolent energies surge around you.
Casting: Conjure Flame (dangerous; 6% risk of failure)
Confirm with . or Enter, or press ? or * to list all spells.
The fire ignites!
Malevolent energies surge around you.
You are engulfed in blazing flames.
* * * LOW HITPOINT WARNING * * *
Iwannabefree's ghost hits you.
You die...

██████.███.█ █......█ █.████████
█.██████ █........█
█.███████████████)█
█.................█████
████......................
█.........█████████.█...█.
█.███.███W█ ██████.█.███.
█.......█@█ █............
█.█.█.█W█.█ ██.██████████.
█.█.█.█.█.█ █..'≈≈≈≈(≈ █.
█.█.....█.█ █..████████ █.
███████.███..██.███...██<██.█ ██
█.......█....██.......██.██.████
██.██████.█>....................
█.█.†..█.█..████████.██.██.████
█.█.█.██.█..█ █.§..█.██)██.█...


You could see Iwannabefree's ghost.

Vanquished Creatures
  A phantom (D:4)
  2 hounds (D:4)
  2 centaur skeletons (D:4)
  A gnoll shaman (D:4)
  An iguana (D:2)
  5 gnolls (D:4)
  5 adders
  4 dart slugs
  6 orcs
  4 bats
  8 endoplasms
  A giant cockroach (D:1)
  5 goblins
  4 hobgoblins
  5 kobolds
  5 quokkas
  6 ball pythons
  2 frilled lizards
  5 rats
72 creatures vanquished.

Vanquished Creatures (others)
  224 foxfires
  2 plants (D:3)
226 creatures vanquished.

Grand Total: 298 creatures vanquished

Notes
Turn   | Place    | Note
-------+----------+-------------------------------------------
     0 | D:1      | nht the Demonspawn Fire Elementalist began the quest for
                  | the Orb.
     0 | D:1      | Reached XP level 1. HP: 13/13 MP: 3/3
   284 | D:1      | Gained mutation: You are partially covered in slimy green
                  | scales. (AC +2) [demonic ancestry]
   284 | D:1      | Reached XP level 2. HP: 19/19 MP: 0/5
   964 | D:1      | Reached XP level 3. HP: 24/24 MP: 4/6
   968 | D:1      | Learned a level 3 spell: Conjure Flame
  1815 | D:2      | Found Dashreu's Antique Armour Emporium.
  1848 | D:2      | wtf is this spell
  1858 | D:2      | Gained mutation: Spells you cast may paralyse adjacent
                  | enemies. [demonic ancestry]
  1858 | D:2      | Reached XP level 4. HP: 30/30 MP: 0/7
  1970 | D:2      | Found Natu's Assorted Antiques.
  1979 | D:2      | Bought a scroll labelled GASCHAEMAPH for 23 gold pieces
  1979 | D:2      | Bought a scroll labelled CIPINETOHO for 23 gold pieces
  2343 | D:2      | Bought a scroll labelled ZIXAUSH ZYMNOO for 23 gold pieces
  2629 | D:3      | Found a hide-covered altar of Uskayaw.
  3414 | D:4      | Found a shimmering altar of Xom.
  3452 | D:4      | Gained mutation: Spells you cast may paralyse nearby
                  | enemies. [demonic ancestry]
  3452 | D:4      | Reached XP level 5. HP: 35/35 MP: 2/8
  3506 | D:4      | Found a runed translucent door.
  3509 | D:4      | Noticed Iwannabefree's ghost (novice DjFi)
  3847 | D:4      | Noticed a phantom
  3859 | D:4      | Killed a phantom
  3860 | D:4      | Reached XP level 6. HP: 41/41 MP: 3/9
  4179 | D:4      | that has range?
  4206 | D:5      | Entered Level 5 of the Dungeon
  4350 | D:4      | Learned a level 5 spell: Fireball
  4575 | D:4      | Reached skill level 5 in Conjurations
  4879 | D:4      | Reached skill level 5 in Fire Magic
  4890 | D:4      | Gained mutation: You are agile. (Dex +2) [potion of
                  | mutation]
  4890 | D:4      | Gained mutation: You are robust. (+10% HP) [potion of
                  | mutation]
  4890 | D:4      | Gained mutation: Your mind is acute. (Int +2) [potion of
                  | mutation]
  4903 | D:4      | Slain by Iwannabefree's ghost

Illustrated notes █████ █...██████████ ████████ █....@.<..l...█ .......█ █...█████████.█ █ ██████.█ ██.██ █.████████ █.█ █.█ █.██...... █████.█ █.█ ████████.█.[.████ ██.....█ █.█ █......█......███ ....██.█ █.█ █.████.█..♣.♣..██ ██..██.██ █.█ █.█ █..........█ ....██.∩█████.███.█ ██†♣.....♣.. Turn 1848 on D:2: wtf is this spell

██.█.....█ █.█..█ █.█....
...█.....█ █████.█..█ █.███..
████.....█ █...█.█..██ █.█ █.(
.........█ █...█.....███.███..
.........██████..†█.........██...
██████.█......█...█....)██████..>
█.█......█..<█.....██████...
█.█████..................... █..
█.██v@.███............ ███
█.█.v...██.........███
..█g███.██.........█
████g███.██.........█
█.█....█.........█
█g█.█..█.........█
█.█.████.█████████
ggg.g...█......█


████████████████ Turn 4179 on D:4: that has range?

Levels and vault maps discovered:
D:1:      erik_arrival_cave_to_civilisation [erik_arrival_cave_to_hall],
          layout_basic, feat_on_display
D:2:      layout_loops_ring, serial_shops, shop, nicolae_shop_trees,
          grunt_ministairs_9
D:3:      layout_basic, old_standard_altar, guppyfry_early_lair_pool
D:4:      layout_basic, marbit_many_paths, old_standard_altar,
          ebering_ghost_sewer_d
D:5:      layout_basic, gammafunk_ghost_nasty_kobolds

Skill      XL: |  1  2  3  4  5  6 |
---------------+-------------------+-----
Conjurations   | 2 3 4 5 |  5.1
Fire Magic     | 3 4 5 |  5.0
Dodging        | |  1.7
Stealth        | |  1.7
Spellcasting   | |  2.0

Action                   |  1- 3 |  4- 6 || total
-------------------------+-------+-------++-------
Melee: Unarmed           |     1 |       ||     1
       Whip              |       |    17 ||    17
 Cast: Foxfire           |    53 |    83 ||   136
       Conjure Flame     |     1 |     5 ||     6
  Use: Scroll            |       |     6 ||     6
       Potion            |       |     1 ||     1
 Stab: Paralysed         |       |    12 ||    12
Armor: Robe              |     2 |    10 ||    12
Dodge: Dodged            |     6 |    16 ||    22

Table legend: (Time is in decaauts)
 A = Elapsed time spent in this place.
 B = Non-inter-level travel time spent in this place.
 C = Inter-level travel time spent in this place.
 D = Time resting spent in this place.
 E = Time spent auto-exploring this place.
 F = Levels seen in this place.
 G = Mean time per level.
                   A        B        C        D        E       F      G
               +--------+--------+--------+--------+--------+-----+--------+
         Total |   4905 |   4678 |    227 |    129 |   3980 |   5 |  981.0 |
       Dungeon |   4905 |   4678 |    227 |    129 |   3980 |   5 |  981.0 |
               +--------+--------+--------+--------+--------+-----+--------+

Top non-repeatable levels by time:
     D:1: 1406 daAuts
     D:4: 1370 daAuts
     D:3: 1092 daAuts
     D:2: 956 daAuts
     D:5: 79 daAuts
